Map: Disco Bloodbath LE

Players

Kaliostro - Winner!

  • Race: Terran Terran
  • League: Platinum
  • Spawn Location: 9:00

pHARM

  • Race: Zerg Zerg
  • League: Platinum
  • Spawn Location: 3:00

VOD

Have the link to the VOD?

Description

Time

  • Played on: Sept. 7, 2019, 4:18 p.m.
  • Length: 13:28
Show
View Real Time Build Order
Export as new Build Order

Kaliostro Terran - Winner!

Build Orders: Reaper Expand 

Get SALT Encoding   

  12  0:01  SCV  
  13  0:13  SCV  
  14  0:17  Supply Depot  
  14  0:25  SCV  
  15  0:39  SCV  
  15  0:40  Barracks  
  16  0:46  Refinery  
  16  0:51  SCV  
  17  1:04  SCV  
  18  1:16  SCV  
  19  1:29  Reaper  
  19  1:31  Orbital Command  
  20  1:45  Command Center  
  20  1:57  Supply Depot  
  20  2:03  SCV  
  21  2:15  SCV  
  21  2:22  Barracks Reactor  
  22  2:35  Factory  
  22  2:37  Bunker  
  22  2:50  SCV  
  22  2:57  Marine x2  
  24  3:00  Orbital Command  
  24  3:03  SCV  
  25  3:09  Refinery  
  25  3:13  Supply Depot  
  25  3:15  SCV  
  26  3:23  Starport  
  26  3:25  Barracks Tech Lab  
  26  3:27  SCV  
  26  3:28  Hellion x2  
  26  3:29  SCV  
  32  3:46  Engineering Bay  
  32  3:47  Stimpack  
  32  3:52  Hellion x2  
  32  3:53  SCV  
  32  3:54  SCV  
  38  3:56  Marine  
  39  4:06  SCV x2, Viking  
  43  4:15  Hellion x2  
  47  4:23  Armory  
  47  4:26  Supply Depot  
  47  4:27  SCV  
  47  4:28  SCV  
  49  4:49  Hellion  
  49  4:50  Hellion, Supply Depot  
  53  5:00  SCV x2  
  55  5:08  Terran Infantry Weapons Level 1  
  55  5:10  Command Center  
  55  5:12  SCV  
  56  5:29  Hellion  
  56  5:30  Widow Mine  
  60  5:37  SCV  
  60  5:38  SCV  
  62  5:45  Combat Shield  
  62  5:46  Barracks  
  62  5:47  Barracks  
  63  5:50  SCV x2  
  63  5:51  Widow Mine  
  66  6:02  SCV x2  
  68  6:08  Widow Mine  
  68  6:09  Starport Reactor  
  66  6:30  Supply Depot  
  64  6:37  SCV x3  
  63  6:43  Barracks x2  
  61  6:48  Barracks Tech Lab  
  61  6:49  SCV x2  
  61  6:53  Factory Tech Lab  
  63  6:58  Barracks, Orbital Command  
  63  7:01  SCV x2, Barracks  
  61  7:04  Barracks  
  63  7:13  SCV x2  
  61  7:17  Orbital Command  
  61  7:18  Marauder x2  
  65  7:25  SCV x2  
  67  7:33  Barracks Reactor  
  67  7:34  Marine x2, Barracks Reactor  
  67  7:36  Siege Tank, Medivac x2  
  76  7:37  SCV  
  76  7:39  SCV  
  76  7:41  Terran Vehicle And Ship Armor Level 1  
  76  7:43  Terran Infantry Armor Level 1  
  78  7:47  Engineering Bay  
  78  7:49  SCV  
  79  7:52  SCV x2  
  79  7:55  Marauder  
  79  7:56  Marine x2, Marauder, Barracks Tech Lab  
  87  8:02  SCV  
  87  8:04  SCV x2  
  90  8:09  Barracks Reactor, Barracks Tech Lab  
  90  8:10  Marine x2  
  90  8:11  Marine  
  93  8:18  Supply Depot  
  93  8:19  Supply Depot x2  
  93  8:26  Supply Depot  
  93  8:30  Marine, SCV x3  
  97  8:35  Marauder  
  97  8:36  Marauder  
  97  8:40  Marine x6, Marauder  
  109  8:42  Command Center, SCV x3  
  112  8:48  Marine x2  
  112  8:50  Medivac, Supply Depot x2  
  112  8:52  Supply Depot  
  116  8:57  Marauder  
  116  8:59  Refinery x2  
  118  9:04  Marine  
  118  9:05  Marine x4  
  118  9:06  Marauder  
  118  9:07  Marauder x2  
  129  9:17  Barracks  
  129  9:20  Barracks, Marauder  
  129  9:21  Marine x3  
  129  9:22  Marine  
  129  9:23  Medivac  
  137  9:26  Marine x3  
  137  9:27  Marine  
  137  9:28  Marauder  
  143  9:36  Marine  
  143  9:38  Widow Mine  
  146  9:39  Medivac  
  148  9:45  Marine  
  148  9:46  Marine x5  
  148  9:47  Marine x2  
  156  9:56  Orbital Command  
  156  9:57  Barracks  
  156  9:59  Barracks  
  156  10:02  Barracks  
  156  10:03  Marauder x3  
  156  10:05  Marine, Marauder  
  156  10:06  Marine  
  166  10:08  Barracks Reactor  
  166  10:24  Marine x7  
  166  10:25  Marine x3, Marauder  
  166  10:26  Marine  
  166  10:27  Concussive Shells, Barracks Tech Lab  
  179  10:36  Terran Infantry Armor Level 2  
  179  10:42  Marine  
  180  10:43  Supply Depot  
  180  10:44  Medivac x2  
  180  10:46  Supply Depot  
  180  10:47  Marauder x2  
  188  11:04  Marine x6  
  188  11:05  Marauder  
  188  11:08  Marine, Marauder  
  199  11:15  Marine  
  193  11:37  Marine  
  193  11:38  Marine x9  
  193  11:39  Marauder x2  
  199  11:40  Marauder  
  199  12:09  Marine  
  200  12:44  Barracks  
  200  12:45  Barracks x2  
  200  12:50  Command Center  
Show
View Real Time Build Order
Export as new Build Order

pHARM Zerg 

Build Orders: Hatch First 

Get SALT Encoding   

  12  0:01  Drone  
  13  0:13  Overlord  
  13  0:21  Drone  
  14  0:31  Drone x2  
  16  0:50  Hatchery  
  15  1:01  Drone x3  
  18  1:16  Spawning Pool  
  18  1:18  Drone  
  18  1:24  Drone  
  19  1:44  Drone  
  20  1:48  Extractor  
  20  1:49  Drone  
  20  1:56  Overlord  
  20  2:03  Queen x2  
  20  2:05  Zergling x2  
  25  2:08  Zergling x2  
  26  2:23  Drone x2  
  28  2:54  Drone x6  
  34  3:02  Metabolic Boost  
  34  3:08  Drone x2  
  34  3:12  Hatchery  
  35  3:15  Overlord  
  35  3:28  Pneumatized Carapace  
  35  3:29  Drone  
  35  3:33  Queen, Drone x5  
  35  3:34  Drone  
  44  3:35  Overlord  
  44  3:54  Baneling Nest  
  43  4:08  Roach Warren  
  42  4:10  Evolution Chamber  
  41  4:46  Zerg Melee Weapons Level 1  
  41  4:48  Drone x10  
  41  4:49  Drone x7  
  41  4:51  Extractor  
  41  4:52  Extractor  
  56  5:07  Overlord x2  
  55  5:18  Overlord x2  
  55  5:24  Spine Crawler  
  54  5:34  Roach x4  
  54  5:35  Roach  
  64  5:50  Lair  
  63  6:03  Roach x6  
  66  6:22  Roach x3  
  66  6:23  Roach x2  
  73  6:32  Drone  
  73  6:33  Drone  
  73  6:34  Overlord x2  
  73  6:35  Overlord x4  
  74  6:47  Zerg Ground Armor Level 1  
  74  6:52  Overlord x3  
  74  7:06  Extractor  
  74  7:07  Evolution Chamber  
  69  7:19  Hydralisk Den  
  69  7:28  Drone x9  
  78  7:42  Centrifical Hooks  
  78  8:00  Grooved Spines  
  78  8:21  Evolution Chamber  
  77  8:28  Drone  
  77  8:29  Drone x15  
  93  8:42  Zerg Missile Weapons Level 1  
  93  8:45  Hatchery  
  92  8:50  Extractor x2  
  92  8:52  Spine Crawler  
  92  8:53  Spine Crawler  
  88  8:56  Spore Crawler  
  88  8:58  Drone x3  
  88  8:59  Drone  
  91  9:11  Muscular Augments  
  91  9:13  Zerg Ground Armor Level 2  
  91  9:33  Nydus Network  
  90  10:04  Roach x5  
  90  10:05  Roach x21  
  142  10:13  Infestation Pit  
  142  10:14  Glial Reconstitution  
  141  10:55  Overlord x6  
  141  10:56  Hydralisk  
  143  11:08  Nydus Canal  
  143  11:20  Overlord x3  
  143  11:21  Overlord  
  135  11:39  Zergling x2  
  118  11:40  Zergling x20  
  114  11:49  Overlord x2  
  114  12:00  Hive  
  114  12:07  Drone x7  
  121  12:17  Extractor  
  121  12:22  Extractor  
  119  12:34  Baneling x7  
  119  12:35  Baneling x15  
  119  12:57  Hatchery  
  118  12:58  Zergling x2  
  118  12:59  Zergling x34  
Tags
 
Add a new tag
Caveats
  • Supply blocks, unpowered buildings, or Contaminate may cause inaccurate times.
  • Supply counts are checked every 10 seconds.